 Dungeon Crawl Stone Soup version 0.29-a0-330-g52719c12eb (webtiles) character file.

Game seed: 13645222039273327804

448 vineage the Fighter (level 7, -1/50 HPs)
             Began as a Gargoyle Fighter on May 15, 2022.
             Slain by an ogre
             ... wielding a +0 giant club
              (20 damage)
             ... on level 4 of the Dungeon.
             The game lasted 00:03:56 (3407 turns).

vineage the Fighter (Gargoyle Fighter)              Turns: 3407, Time: 00:03:57

Health: -1/50      AC: 12    Str: 21    XL:     7   Next: 3%
Magic:  7/7        EV:  8    Int:  9    God:
Gold:   137        SH:  7    Dex:  9    Spells: 6/6 levels left

rFire   . . .      SeeInvis .   f - +1 whip (venom)
rCold   . . .      Faith    .   k - +0 kite shield
rNeg    + . .      Spirit   .   b - +0 scale mail
rPois   ∞          Reflect  .   j - +0 helmet
rElec   +          Harm     .   (no cloak)
rCorr   .          Rampage  .   (no gloves)
Will    .....                   (no boots)
Stlth   ..........              e - amulet of the acrobat
HPRegen 0.16/turn               (no ring)
MPRegen 0.10/turn               (no ring)

@: mighty
A: sickness immunity, AC +4, negative energy resistance 1, electricity
resistance, torment resistance 1, petrification resistance
a: no special abilities


You were on level 4 of the Dungeon.
You visited 1 branch of the dungeon, and saw 4 of its levels.

You collected 137 gold pieces.

Inventory:

Hand Weapons
 a - a +0 flail
 f - a +1 whip of venom (weapon)
Armour
 b - a +0 scale mail (worn)
 c - a +0 buckler
 j - a +0 helmet (worn)
 k - a +0 kite shield (worn)
Jewellery
 e - an amulet of the acrobat (around neck)
Scrolls
 g - 2 scrolls of torment
 h - a scroll of teleportation
 p - a scroll of amnesia
 q - a scroll of magic mapping
 s - a scroll of immolation {unknown}
Potions
 i - 4 potions of ambrosia
 l - a potion of flight {unknown}
 m - a potion of lignification {unknown}
 n - a potion of degeneration {unknown}
 o - a potion of heal wounds
 r - 2 potions of mutation {unknown}


   Skills:
 * Level 8.4 Fighting
 - Level 2.0 Maces & Flails
 - Level 3.2 Armour
 - Level 3.2 Shields


You had 6 spell levels left.
You didn't know any spells.
Your spell library contained the following spells:

 Spells                   Type           Power      Damage    Failure   Level
 Sting                    Tmut/Pois      0%         1d3       98%         1
 Corpse Rot               Necr/Air       0%         N/A       99%         2
 Poisonous Vapours        Pois/Air       0%         N/A       99%         2
 Olgreb's Toxic Radiance  Pois           0%         N/A       100%        4


Dungeon Overview and Level Annotations

Branches:
Dungeon (4/15)
 Temple: D:4-7

Altars:

Shops:
D:1 (??[   D:3 ![[


Innate Abilities, Weirdness & Mutations

You are immune to sickness and miasma.
Your stone body is resilient. (AC +4)
You are immune to poison.
You resist negative energy. (rN+)
You are resistant to electric shocks. (rElec)
You are resistant to unholy torment.
You are immune to petrification.


Message History

A ball python comes into view.
The ball python hisses angrily.
Things that are here:
a +0 short sword; a +0 ring mail You block the ball python's attack.
The ball python closely misses you.
You hit the ball python.
You kill the ball python!
No target in view!
No target in view!
No target in view!
No target in view!
No target in view!
No target in view!
No target in view!
No target in view!
No target in view!
No target in view!
No target in view!
No target in view!
You see here a ball python corpse.
An ogre and a ball python come into view.
The ogre shouts!
The ball python hisses angrily.
There are monsters nearby!
There are monsters nearby!
The ogre hits you with a +0 giant club!!
Ouch! That really hurt!
You are too injured to fight recklessly!
You are too injured to fight recklessly!
You are too injured to fight recklessly!
Okay, then.
You feel much better.
You feel very mighty all of a sudden. The ogre hits you with a +0 giant club!
You whack the ogre!
The ogre is poisoned.
The ogre is moderately wounded.
The ogre hits you with a +0 giant club!!
You whack the ogre!
The ogre looks as sick as possible!
The ogre is severely wounded.
The ogre hits you with a +0 giant club!!
You die...

.......# ####....#.........
.....#.# ........#.......).
##.#.#.# .............####
#...#.#########.#.#.....# #..#
##..#...........#.#..##.# #..#
#...................##.# #..#
#......############.#.##.# #..#
#......# ####.....#.##(# #..#
#...<..# #....@#..#.##.# #..#
#......# #..###O#..#.##.# #..##
#......# . .S#.##.##.####....
#####.## .. ..##.#..........##.
#....# .# ...#..#.###########.
#....##.# ...##.##.............
##....#..#...##..#..############
.......#....###..##..# ...
...#.####...##...#


You could see an ogre (extremely poisoned) and a ball python.

Vanquished Creatures
  Sigmund (D:2)
  A scorpion (D:4)
  A gnoll shaman (D:4)
  An orc priest (D:4)
  An orc wizard (D:3)
  4 gnolls
  3 adders
  4 worms
  A dart slug (D:4)
  10 orcs
  6 ball pythons
  3 endoplasms
  2 giant cockroaches
  3 hobgoblins
  A quokka (D:3)
  4 bats
  4 frilled lizards
  4 goblins
  12 kobolds
  5 rats (D:1)
71 creatures vanquished.

Notes
Turn   | Place    | Note
-------+----------+-------------------------------------------
     0 | D:1      | vineage the Gargoyle Fighter began the quest for the Orb.
     0 | D:1      | Reached XP level 1. HP: 14/14 MP: 1/1
    38 | D:1      | Reached skill level 4 in Fighting
    38 | D:1      | Reached XP level 2. HP: 15/20 MP: 2/2
   497 | D:1      | Found Liul's Magic Scroll Shop.
   539 | D:1      | Found Fotulo's Magic Scroll Emporium.
   584 | D:1      | Reached XP level 3. HP: 24/24 MP: 3/3
   721 | D:1      | Found Yssice's Weapon Boutique.
   804 | D:1      | Found Ovaem's Antique Armour Emporium.
  1078 | D:2      | You fall into a shaft and drop 1 floor!
  1078 | D:3      | Found Xiefeq's Distillery.
  1078 | D:3      | Found Jurevod's Antique Armour Boutique.
  1263 | D:2      | Reached skill level 5 in Fighting
  1384 | D:2      | Noticed Sigmund
  1398 | D:2      | Killed Sigmund
  1399 | D:2      | Reached skill level 6 in Fighting
  1399 | D:2      | Reached XP level 4. HP: 19/32 MP: 4/4
  1399 | D:2      | Reached XP level 5. HP: 22/37 MP: 5/5
  1517 | D:1      | Reached skill level 7 in Fighting
  1726 | D:2      | Reached XP level 6. HP: 44/44 MP: 6/6
  2146 | D:3      | Found Seyziewn's Armour Shoppe.
  2331 | D:3      | Found a faded altar of an unknown god.
  2927 | D:4      | Reached skill level 8 in Fighting
  3310 | D:4      | Reached XP level 7. HP: 50/50 MP: 7/7
  3407 | D:4      | Slain by an ogre

Illustrated notes

Levels and vault maps discovered:
D:1:      dpeg_arrival_boxorama, layout_loops_ring, serial_shops, shop, shop,
          nicolae_diamond_shop, nicolae_shop_crystal, supply_closet_lemuel
D:2:      layout_rooms, eino_tiny_chamber, eino_tiny_chamber,
          uniq_crazy_yiuf_cottage, uniq_sigmund, uniq_jessica
D:3:      layout_rooms, shapermc_ecumenical_altar_mp_vishouse, serial_shops,
          shop, shop, nicolae_shop_statue_plus, minivault_26,
          chequers_serial_rivers_micro_c
D:4:      minmay_evil_eye, layout_basic

Skill      XL: |  1  2  3  4  5  6 |
---------------+-------------------+-----
Fighting       | 4 6 7 8 |  8.4
Maces & Flails | |  2.0
Armour         | |  3.2
Shields        | |  3.2

Action                   |  1- 3 |  4- 6 |  7- 9 || total
-------------------------+-------+-------+-------++-------
Melee: Flail             |   106 |       |       ||   106
       Whip              |    17 |   139 |     4 ||   160
  Use: Scroll            |     5 |     4 |       ||     9
       Potion            |       |       |     2 ||     2
Armor: Scale mail        |    74 |    52 |     1 ||   127
Dodge: Dodged            |    79 |    61 |     1 ||   141
Block: Buckler           |    29 |     2 |       ||    31
       Kite shield       |       |    52 |     1 ||    53

Table legend: (Time is in decaauts)
 A = Elapsed time spent in this place.
 B = Non-inter-level travel time spent in this place.
 C = Inter-level travel time spent in this place.
 D = Time resting spent in this place.
 E = Time spent auto-exploring this place.
 F = Levels seen in this place.
 G = Mean time per level.
                   A        B        C        D        E       F      G
               +--------+--------+--------+--------+--------+-----+--------+
         Total |   3468 |   3304 |    164 |    338 |   2306 |   4 |  867.0 |
       Dungeon |   3468 |   3304 |    164 |    338 |   2306 |   4 |  867.0 |
               +--------+--------+--------+--------+--------+-----+--------+

Top non-repeatable levels by time:
     D:1: 1268 daAuts
     D:4: 973 daAuts
     D:2: 710 daAuts
     D:3: 515 daAuts
